 Dungeon Crawl Stone Soup version 0.31-a0-237-g2d982f9 (webtiles) character file.

Game seed: 1569030913178106755

2531857 Ubbricas the Conqueror (level 27, 273/273 HPs)
             Began as a Minotaur Fighter on July 9, 2023.
             Was the Champion of Okawaru.
             Escaped with the Orb
             ... and 4 runes on July 11, 2023!
             The game lasted 02:40:16 (62127 turns).

Ubbricas the Conqueror (Minotaur Fighter)          Turns: 62127, Time: 02:40:17

Health: 273/273    AC: 54    Str: 36    XL:     27
Magic:  34/36      EV: 14    Int:  5    God:    Okawaru [******]
Gold:   8190       SH: 31    Dex: 17    Spells: 26/26 levels left

rFire   + + +        N - +4 demon trident (elec)
rCold   + + +        F - +8 tower shield {reflect}
rNeg    + + +        X - +12 gold dragon scales
rPois   +            M - -2 hat of the Alchemist {rElec rPois rF+ rC+ rN+ Will+ rMut rCorr}
rElec   +            t - +2 cloak {Stlth+}
rCorr   +            e - +0 pair of fencer's gloves {Riposte Dex+3}
SInv    .            u - +1 pair of boots "Wimufeoz" {rN++ Will++ Dex-4}
Will    +++++        J - amulet of regeneration Stlth
                     U - ring "Ocaf" {rF+ rC+ Str+3 Dex+6}
HPRegen 1.45/turn    P - ring of the Tortoise {AC+8}
MPRegen 0.25/turn

%: reflection, resist mutation
@: finesse-ful, studying 5 skills
A: horns 2, retaliatory headbutt
0: Orb of Zot
}: 4/15 runes: serpentine, barnacled, slimy, silver
a: Renounce Religion, Heroism, Finesse, Duel


You escaped.
You worshipped Okawaru.
Okawaru was exalted by your worship.
You visited 12 branches of the dungeon, and saw 56 of its levels.
You visited the Abyss 2 times.
You also visited: Trove, Ossuary and Wizlab.

You collected 10691 gold pieces.
You spent 2501 gold pieces at shops.

Inventory:

Hand Weapons
 N - a +4 demon trident of electrocution (weapon)
 Q - a +3 heavy demon trident
 W - a +9 vampiric demon trident
Missiles
 g - a silver boomerang
 m - 13 curare-tipped darts
 s - 7 throwing nets
 v - 9 boomerangs of dispersal
 A - 30 silver javelins (quivered)
 E - 69 boomerangs
 K - 33 javelins
 T - 8 datura-tipped darts
Armour
 e - the +0 pair of fencer's gloves (worn) {Riposte Dex+3}
   (Okawaru gifted it to you on level 1 of the Elven Halls)

   Riposte:   It allows the wearer to riposte with melee weapons, swiftly
   retaliating against missed or blocked melee attacks.
   Dex:       It affects your dexterity (+3).
 t - a +2 cloak of stealth (worn)
 u - the +1 pair of boots "Wimufeoz" (worn) {rN++ Will++ Dex-4}
   (Okawaru gifted it to you on level 3 of the Depths)

   Dex:       It affects your dexterity (-4).
   rN:        It greatly protects you from negative energy.
   Will:      It greatly increases your willpower.
 F - a +8 tower shield of reflection (worn)
 M - the -2 hat of the Alchemist (worn) {rElec rPois rF+ rC+ rN+ Will+ rMut rCorr}
   (You bought it in a shop on level 1 of the Vaults)

   rF:        It protects you from fire.
   rC:        It protects you from cold.
   rElec:     It insulates you from electricity.
   rPois:     It protects you from poison.
   rN:        It protects you from negative energy.
   rCorr:     It protects you from acid and corrosion.
   rMut:      It protects you from mutation.
   Will:      It increases your willpower.
 X - +12 gold dragon scales (worn)
Jewellery
 j - a ring of protection from cold
 x - the ring "Tuluimoe" {+Blink Fly rF+}
   (You found it on level 1 of the Elven Halls)

   [ring of flight]

   rF:        It protects you from fire.
   Fly:       It grants you flight.
   +Blink:    It lets you blink.
 y - the ring of Orthodoxy {rF+ rN+ Dex+6}
   (You took it off a deep elf master archer on level 3 of the Elven Halls)

   [ring of dexterity]

   Dex:       It affects your dexterity (+6).
   rF:        It protects you from fire.
   rN:        It protects you from negative energy.
 J - an amulet of regeneration (around neck)
 P - the ring of the Tortoise (right hand) {AC+8}
   (You took it off a deep elf elementalist on level 3 of the Elven Halls)

   [ring of protection]

   AC:        It affects your AC (+8).
 S - the ring "Deysios" {Contam rCorr MP+9 Int+3 SInv}
   (You found it on level 3 of the Depths)

   [ring of magical power]

   Int:       It affects your intelligence (+3).
   MP:        It affects your magic capacity (+9).
   SInv:      It lets you see invisible.
   Contam:    It causes magical contamination when unequipped.
   rCorr:     It protects you from acid and corrosion.
 U - the ring "Ocaf" (left hand) {rF+ rC+ Str+3 Dex+6}
   (You found it on level 5 of the Pits of Slime)

   [ring of dexterity]

   Str:       It affects your strength (+3).
   Dex:       It affects your dexterity (+6).
   rF:        It protects you from fire.
   rC:        It protects you from cold.
Wands
 B - a wand of quicksilver (53)
 G - a wand of digging (21)
 L - a wand of roots (74)
Scrolls
 f - 5 scrolls of fog
 i - 18 scrolls of teleportation
 l - 13 scrolls of blinking
 r - 6 scrolls of revelation
 w - 2 scrolls of immolation
 C - a scroll of enchant armour
 O - 11 scrolls of fear
 R - 3 scrolls of silence
 Z - 6 scrolls of poison
Potions
 b - 7 potions of magic
 d - 8 potions of might
 h - 9 potions of mutation
 k - 4 potions of resistance
 n - 11 potions of attraction
 o - 14 potions of heal wounds
 p - 4 potions of berserk rage
 q - 10 potions of haste
 z - 5 potions of ambrosia
 D - 22 potions of curing
 H - 6 potions of enlightenment
 I - 7 potions of cancellation
 V - 5 potions of invisibility
Miscellaneous
 a - a lightning rod (4/4)
 c - a phial of floods
 Y - a condenser vane


   Skills:
 O Level 27 Fighting
 + Level 24.5 Polearms
 + Level 20.2 Throwing
 * Level 26.7 Armour
 - Level 12.0 Dodging
 + Level 22.8 Shields
 + Level 21.4 Invocations


You had 26 spell levels left.
You didn't know any spells.
Your spell library contained the following spells:

 Spells                   Type           Power      Damage    Failure   Level
 Beastly Appendage        Tmut           0%         N/A       95%         1
 Freeze                   Ice            0%         1d3       95%         1
 Magic Dart               Conj           0%         1d3       95%         1
 Necrotise                Necr           0%         1d4       95%         1
 Sandblast                Erth           0%         2d4       95%         1
 Shock                    Conj/Air       0%         1d3       95%         1
 Slow                     Hex            0%         N/A       95%         1
 Sting                    Tmut/Pois      0%         1d3       95%         1
 Blink                    Tloc           0%         N/A       99%         2
 Cigotuvi's Dreadful Rot  Necr/Pois/Air  0%         N/A       99%         2
 Ensorcelled Hibernation  Hex/Ice        0%         N/A       99%         2
 Lesser Beckoning         Tloc           0%         N/A       99%         2
 Momentum Strike          Conj/Tloc      0%         3d8       99%         2
 Passwall                 Tmut/Erth      0%         N/A       99%         2
 Poisonous Vapours        Pois/Air       0%         N/A       99%         2
 Searing Ray              Conj           0%         2d4       99%         2
 Static Discharge         Conj/Air       0%         2-2/arc   99%         2
 Sublimation of Blood     Necr           0%         N/A       99%         2
 Wereblood                Tmut           0%         N/A       99%         2
 Confusing Touch          Hex            0%         N/A       100%        3
 Dazzling Flash           Conj/Hex       0%         N/A       100%        3
 Frozen Ramparts          Ice            0%         1d1       100%        3
 Hailstorm                Conj/Ice       0%         3d3       100%        3
 Ignite Poison            Fire/Tmut/Pois 0%         N/A       100%        3
 Inner Flame              Hex/Fire       0%         N/A       100%        3
 Mephitic Cloud           Conj/Pois/Air  0%         N/A       100%        3
 Ozocubu's Armour         Ice            0%         N/A       100%        3
 Portal Projectile        Hex/Tloc       0%         N/A       100%        3
 Spider Form              Tmut/Pois      0%         N/A       100%        3
 Stone Arrow              Conj/Erth      0%         3d7       100%        3
 Swiftness                Air            0%         N/A       100%        3
 Vampiric Draining        Necr           0%         2d6       100%        3
 Vhi's Electric Charge    Tloc/Air       0%         N/A       100%        3
 Volatile Blastmotes      Fire/Tloc      0%         2d10      100%        3
 Airstrike                Air            0%         2d(0-16)  100%        4
 Anguish                  Hex/Necr       0%         N/A       100%        4
 Cause Fear               Hex            0%         N/A       100%        4
 Dispel Undead            Necr           0%         3d6       100%        4
 Flame Wave               Conj/Fire      0%         2d4       100%        4
 Fulminant Prism          Conj/Hex       0%         3d5       100%        4
 Iskenderun's Mystic Bla  Conj/Tloc      0%         2d3       100%        4
 Olgreb's Toxic Radiance  Pois           0%         N/A       100%        4
 Petrify                  Tmut/Erth      0%         N/A       100%        4
 Sticky Flame             Conj/Fire      0%         2d3       100%        4
 Agony                    Necr           0%         N/A       100%        5
 Arcjolt                  Conj/Air       0%         1d10      100%        5
 Blade Hands              Tmut           0%         N/A       100%        5
 Freezing Cloud           Conj/Ice/Air   0%         6-21      100%        5
 Irradiate                Conj/Tmut      0%         3d11      100%        5
 Iskenderun's Battlesphe  Conj           0%         2d6       100%        5
 Lee's Rapid Deconstruct  Erth           0%         3d4*      100%        5
 Metabolic Englaciation   Hex/Ice        0%         N/A       100%        5
 Conjure Ball Lightning   Conj/Air       0%         3x3d6     100%        6
 Leda's Unmaking          Conj/Erth      0%         9d1       100%        6
 Plasma Beam              Fire/Air       0%         2x1d10    100%        6
 Statue Form              Tmut/Erth      0%         N/A       100%        6
 Enfeeble                 Hex            0%         N/A       100%        7
 Ozocubu's Refrigeration  Ice            0%         4d7       100%        7
 Storm Form               Tmut/Air       0%         N/A       100%        7
 Borgnjor's Revivificati  Necr           0%         N/A       100%        8
 Discord                  Hex            0%         N/A       100%        8
 Disjunction              Tloc           0%         N/A       100%        8
 Ignition                 Fire           0%         3d3       100%        8
 Lehudib's Crystal Spear  Conj/Erth      0%         10d2      100%        8
 Maxwell's Capacitive Co  Air            0%         ∞         100%        8
 Necromutation            Tmut/Necr      0%         N/A       100%        8
 Chain Lightning          Conj/Air       0%         N/A       100%        9
 Death's Door             Necr           0%         N/A       100%        9
 Fire Storm               Conj/Fire      0%         5d1       100%        9
 Polar Vortex             Ice            0%         N/A       100%        9
 Shatter                  Erth           0%         3d5*      100%        9
 Call Imp                 Summ           Unusable   N/A       N/A         2
 Summon Guardian Golem    Hex/Summ       Unusable   N/A       N/A         3
 Animate Armour           Summ/Erth      Unusable   N/A       N/A         4
 Summon Ice Beast         Ice/Summ       Unusable   N/A       N/A         4
 Summon Lightning Spire   Summ/Air       Unusable   N/A       N/A         4
 Summon Forest            Summ/Tloc      Unusable   N/A       N/A         5
 Spellforged Servitor     Conj/Summ      Unusable   N/A       N/A         7
 Summon Hydra             Summ           Unusable   N/A       N/A         7

Dungeon Overview and Level Annotations

Branches:
Dungeon (15/15)            Temple (1/1) D:5            Lair (5/5) D:10
 Shoals (4/4) Lair:2        Snake (4/4) Lair:3        Slime (5/5) Lair:5
    Orc (2/2) D:11            Elf (3/3) Orc:2        Vaults (5/5) D:14
  Crypt (3/3) Vaults:3       Tomb (0/3) Crypt:3      Depths (4/4) D:15
    Zot (5/5) Depths:4    Ossuary (visited)          WizLab (visited)

Altars:
Ashenzari
Cheibriados
Dithmenos
Elyvilon
Fedhas
Gozag
Hepliaklqana
Kikubaaqudgha
Makhleb
Nemelex Xobeh
Okawaru
Qazlal
Ru
Sif Muna
Trog
Uskayaw
Vehumet
Wu Jian
Xom
Yredelemnul
Zin
The Shining One
Jiyva

Shops:
D:5 !   D:6 =   D:13 (   Orc:1 (*   Orc:2 (*?[   Elf:1 ?!!   Snake:1 (
Vaults:1 [   Vaults:3 :   Vaults:5 =   Zot:2 *   Depths:1 *

Portals:
Hell: Lair:5 Depths:1 Depths:2 Depths:3 Depths:4
Abyss: Depths:2 Depths:3
Pandemonium: Depths:1 Depths:2 Depths:3
Ziggurat: Depths:2

Annotations:
Shoals:3 4 transporters
Snake:3 Roxanne
Vaults:2 2 transporters, Innyits's ghost, adept DjAE


Innate Abilities, Weirdness & Mutations

You have a pair of horns on your head.
You reflexively headbutt those who attack you in melee.


Message History

You kill the ufetubus!
The ufetubus disappears in a puff of smoke!
Unknown command.
You impale the hellwing!!
The hellwing is severely wounded.
You block the hellwing's attack.
You riposte.
You impale the hellwing!!
Lightning courses through the hellwing!!
You kill the hellwing!
Okawaru accepts your kill. You block the ynoxinul's attack.
You hit the ynoxinul. You headbutt the ynoxinul!
The ynoxinul is heavily wounded.
Unknown command.
You hit the ynoxinul. Your headbutt misses the ynoxinul.
The ynoxinul is heavily wounded.
You block the ufetubus's attack. The ufetubus misses you.
Unknown command.
You stick the ynoxinul like a pincushion!!!
You kill the ynoxinul!
Okawaru accepts your kill.
The ufetubus disappears in a puff of smoke! x2
Unknown command.
No target in view!
No target in view!
Unknown command.
(D) Dungeon (T) Temple (L) Lair (A) Shoals (P) Snake Pit (M) Slime Pits (O) Orcish Mines (E) Elven Halls (V) Vaults (C) Crypt (W) Tomb (U) Depths (H) Hell (Z) Zot
Where to? (Enter - D:1, ? - help)
What level of the Dungeon? (default 1, ? - help) You're already here!
Unknown command.
HP restored.
You open the door.
There is an open door here.
A daeva comes into view.
It is wielding a +2 long sword of holy wrath.
The daeva moves out of view.
There is a staircase leading out of the dungeon here.
You have escaped!

#....# #.#......#. #....########
#.#........ #...........#
#.##....#..
#.....#####+######.#..##.##.
#.....#.........##.#########
#A....#.........##..........
#.....#..⌠...⌠..###.........
#.....#.........###.........
#########..'....@....'.#.........
#........>.#.........#.#.........
##.###.....#..⌠...⌠..#....#####..
#.# #.....#.........##.....###..
#.# #.....#.........##.....#....
#.###.....#####'######.....#....
#.).............................
#########.#####.#######....#....
#.##...............#....


There were no monsters in sight!

Vanquished Creatures
  the Royal Jelly (Slime:5)
  4 dread liches
  6 ancient liches
  Khufu (Crypt:1)
  6 orbs of fire
  Mennas (Crypt:2)
  A juggernaut (Depths:3)
  The ghost of Tuteene the Slayer, a master MiFi of Lugonu (Zot:2)
  A royal mummy (Crypt:1)
  Sojobo (Depths:1)
  Margery (Vaults:3)
  Parghit (Depths:3)
  Frederick (Vaults:5)
  6 Killer Klowns
  Bai Suzhen (Shoals:4)
  16 golden dragons
  Vashnia (Snake:3)
  3 pandemonium lords
  2 caustic shrikes
  5 curse toes
  3 bone dragons
  6 electric golems
  A Cloud Mage (WizLab)
  A doom hound (Crypt:2)
  19 tentacled monstrosities
  Zenata (Vaults:1)
  An Ice Fiend (Zot:3)
  7 deep elf blademasters
  2 titans (Vaults:5)
  4 liches
  26 Orb Guardians
  2 deep elf master archers (Elf:3)
  2 walking divine tomes (Depths:3)
  6 quicksilver dragons
  6 ancient champions
  Polyphemus (Shoals:3)
  A kraken (Shoals:2)
  15 death cobs
  10 sphinxes
  Agnes (Snake:3)
  A tentacled starspawn (Abyss:2)
  21 acid blobs
  16 shadow dragons
  Gastronok (D:9)
  9 rockslimes
  7 draconian monks
  14 storm dragons
  4 revenants
  10 tengu reavers
  14 nagarajas (Snake:4)
  4 iron dragons
  4 draconian knights
  11 azure jellies
  6 fire giants
  3 ghost moths
  4 deep elf sorcerers
  9 frost giants
  9 vault wardens
  5 draconian scorchers
  A deep elf elementalist (Elf:3)
  4 draconian shifters
  3 curse skulls (Crypt:3)
  2 orc warlords
  Louise (Shoals:3)
  8 draconian stormcallers
  5 draconian annihilators
  20 ironbound preservers
  A spriggan defender (Depths:3)
  33 very ugly things
  14 quicksilver oozes
  2 ghouls (Crypt:3)
  2 war gargoyles
  A formless jellyfish (Vaults:3)
  18 stone giants
  Nessos (D:14)
  A quicksilver ooze (shapeshifter) (Vaults:5)
  The ghost of Keklamm the Severer, a journeyman HOFi (D:13)
  4 ironbound thunderhulks
  A reaper (Crypt:3)
  6 vampire knights
  7 deep elf demonologists
  9 yellow draconians
  10 white draconians
  14 black draconians
  3 minotaurs (Shoals:4)
  20 dire elephants
  4 purple draconians
  13 green draconians
  2 spectral hellephants (Crypt:2)
  9 deep elf annihilators
  10 spark wasps
  9 red draconians
  11 deep elf death magi
  6 eidola
  A crystal guardian (Vaults:4)
  2 fire dragons
  A green death (Depths:2)
  25 ettins
  2 mummy priests
  2 blizzard demons (WizLab)
  3 merfolk impalers
  21 jiangshi
  11 great orbs of eyes
  17 yaktaur captains
  4 merfolk javelineers
  5 deep elf high priests
  A quicksilver dragon skeleton (Crypt:2)
  7 hydras
  2 rakshasas
  A bennu zombie (Crypt:3)
  28 vault guards
  A merfolk avatar (Shoals:3)
  An ogre mage (Vaults:5)
  An alligator snapping turtle (Shoals:3)
  3 salamander tyrants (Snake:4)
  11 boulder beetles
  A hell beast (Depths:1)
  2 peacekeepers
  9 centaur warriors
  4 ice dragons
  5 spriggan air magi
  2 catoblepae
  7 ironbound frosthearts
  7 anacondas
  A death knight (Vaults:3)
  4 ghost crabs (WizLab)
  27 dancing weapons
  10 two-headed ogres
  Erica (D:8)
  9 satyrs (Shoals:4)
  An anaconda (shapeshifter) (Vaults:5)
  3 merfolk aquamancers (Shoals:2)
  15 naga warriors
  3 deep troll shamans
  A spriggan berserker (Depths:2)
  7 tengu warriors
  8 orc high priests
  5 deep troll earth magi
  12 naga sharpshooters
  4 shock serpents
  17 vampire magi
  8 death yaks
  10 deep elf knights
  2 spectral elves (Crypt:2)
  15 hell knights
  3 iron trolls
  2 spriggans (Depths:2)
  A sun demon (Lair:5)
  2 sixfirhies (Depths:1)
  3 soul eaters
  5 salamander mystics
  6 skysharks
  18 skeletal warriors
  2 shadow wraiths (Crypt:3)
  A swamp dragon (shapeshifter) (Vaults:5)
  54 deep trolls
  4 glowing orange brains
  2 sea snakes (Shoals:2)
  2 anaconda zombies
  3 flayed ghosts
  An obsidian statue (Zot:2)
  8 deep elf archers
  A bog body (Crypt:3)
  2 shadow demons (Crypt:1)
  3 death drakes (WizLab)
  5 naga ritualists
  8 lindwurms
  A spriggan simulacrum (Crypt:2)
  14 ironbound convokers
  4 necromancers
  13 orc knights
  10 orc sorcerers
  6 phantasmal warriors
  6 wizards
  26 harpies
  4 oklob plants (Lair:3)
  30 deep elf pyromancers
  11 cyclopes
  5 shining eyes
  11 mana vipers
  52 ugly things
  22 manticores
  2 salamanders (shapeshifter) (D:14)
  10 salamanders
  22 deep elf zephyrmancers
  A will-o-the-wisp (D:14)
  A sphinx skeleton (Crypt:2)
  19 fauns
  10 merfolk sirens
  Maurice (Orc:2)
  25 moths of wrath
  36 black mambas
  9 elephants
  13 vault sentinels
  2 orange demons
  5 guardian serpents
  An eleionoma skeleton (Crypt:3)
  11 naga magi
  3 apocalypse crabs (WizLab)
  An orc skeleton (Crypt:1)
  A gargoyle (D:14)
  2 rust devils (Depths:2)
  13 cane toads
  3 eyes of devastation
  9 water nymphs
  A yellow draconian zombie (Crypt:3)
  A human zombie (Vaults:3)
  A centaur skeleton (Crypt:2)
  32 yaktaurs
  A hellion (Depths:1)
  A white draconian zombie (Crypt:3)
  3 rime drakes (Lair:5)
  9 komodo dragons
  An unseen horror (D:10)
  2 kobold demonologists (Crypt:1)
  A torpor snail (Lair:2)
  A steelbarb worm zombie (Crypt:3)
  2 efreet
  A yellow draconian skeleton (Crypt:1)
  8 freezing wraiths
  5 tengu conjurers
  An ancient zyme (Abyss:2)
  8 trolls
  8 guardian mummies
  An ice devil (Lair:5)
  24 merfolk
  5 red devils
  4 hornets
  8 wind drakes
  4 hellwings
  A red draconian skeleton (Crypt:3)
  A meliai (D:14)
  3 polar bears
  A wolf spider simulacrum (D:15)
  A harpy skeleton (Crypt:1)
  3 wind drakes (shapeshifter)
  A shadow dragon simulacrum (Vaults:3)
  19 blink frogs
  A fire dragon zombie (Crypt:3)
  9 dream sheep
  A raiju (Abyss:2)
  An elf zombie (Vaults:3)
  An ice dragon zombie (Crypt:1)
  2 dream sheep (shapeshifter) (Depths:3)
  A centaur simulacrum (D:14)
  A guardian serpent zombie (Crypt:1)
  6 snapping turtles
  85 slime creatures
  2 small abominations
  6 flying skulls
  A shadow (D:11)
  9 air elementals
  An ettin skeleton (Crypt:3)
  13 water elementals
  9 wraiths
  65 yaks
  Eustachio (D:4)
  2 ynoxinuls
  11 basilisks
  3 hogs (Snake:4)
  7 wyverns
  6 golden eyes
  16 humans (D:14)
  A wind drake skeleton (Crypt:3)
  7 vampire mosquitoes
  4 wargs
  2 large abominations
  A neqoxec (Depths:2)
  38 nagas
  4 hell hounds (Lair:5)
  A two-headed ogre zombie (Crypt:2)
  A fire bat skeleton (Crypt:2)
  2 floating eyes (Depths:3)
  10 water moccasins
  2 floating eyes (shapeshifter)
  An ogre skeleton (Vaults:3)
  4 black bears
  52 orc warriors
  An ice beast (D:6)
  A swamp drake (D:14)
  A sky beast (D:6)
  13 ogres
  A boggart (shapeshifter) (D:14)
  8 boggarts
  8 wolves (Lair:4)
  7 centaurs
  4 phantoms
  A vine stalker zombie (Crypt:1)
  2 kobold brigands
  13 bullfrogs
  A gnoll sergeant (D:6)
  6 scorpions
  2 necrophages (Crypt:3)
  3 earth elementals
  28 wights
  4 killer bees (D:8)
  4 howler monkeys
  5 electric eels
  A jelly (D:6)
  A hound (D:7)
  An iron imp (Abyss:2)
  26 orc priests
  A sleepcap (D:5)
  A bullfrog skeleton (Crypt:2)
  4 iguanas
  23 orc wizards
  A killer bee zombie (Crypt:1)
  A deep dwarf zombie (Crypt:1)
  An ice beast zombie (Crypt:1)
  A deep dwarf skeleton (Crypt:2)
  A tengu skeleton (Crypt:3)
  10 mummies
  Robin (D:2)
  12 gnolls
  9 adders
  A shadow imp (D:6)
  2 white imps
  2 ufetubi
  5 worms
  3 dart slugs
  95 orcs
  5 endoplasms
  6 giant cockroaches
  3 gnoll zombies (Ossuary)
  4 hobgoblins
  19 kobolds
  3 quokkas
  8 ball pythons
  4 bats
  4 frilled lizards
  10 goblins
  A hobgoblin zombie (Ossuary)
  A jackal skeleton (Crypt:3)
  A jackal zombie (Crypt:1)
  A kobold skeleton (Crypt:1)
  2 kobold zombies (Ossuary)
  2 orc zombies (Ossuary)
  5 rats
2432 creatures vanquished.

Vanquished Creatures (others)
  Kirke (Snake:4)
  A storm dragon (Zot:5)
  A draconian scorcher (Zot:3)
  A very ugly thing (Abyss:2)
  A draconian annihilator (Zot:3)
  A black draconian (Zot:2)
  A yellow draconian (Zot:2)
  5 deep elf knights
  A naga sharpshooter (Snake:4)
  A deep elf archer (Elf:3)
  A death drake (WizLab)
  A deep elf zephyrmancer (Elf:1)
  2 merfolk (Shoals:3)
  An orc wizard (D:15)
  An orc (Orc:2)
  A gnoll zombie (Crypt:2)
  2 foxfires (D:14)
  4 tentacles (Shoals:2)
27 creatures vanquished.

Grand Total: 2459 creatures vanquished

Notes
Turn   | Place    | Note
-------+----------+-------------------------------------------
     0 | D:1      | Ubbricas the Minotaur Fighter began the quest for the Orb.
     0 | D:1      | Reached XP level 1. HP: 19/19 MP: 0/0
    38 | D:1      | Reached XP level 2. HP: 26/26 MP: 1/1
   357 | D:1      | Found a faded altar of an unknown god.
   857 | D:2      | Reached XP level 3. HP: 31/31 MP: 2/2
   887 | D:2      | Noticed Robin
   910 | D:2      | Killed Robin
  1001 | D:2      | Reached skill level 5 in Polearms
  1086 | D:2      | Reached XP level 4. HP: 40/40 MP: 3/3
  1707 | D:3      | Noticed a phantom
  1720 | D:3      | Killed a phantom
  1721 | D:3      | Reached skill level 4 in Fighting
  1721 | D:3      | Reached XP level 5. HP: 30/46 MP: 4/4
  2242 | D:4      | Noticed Eustachio
  2876 | D:4      | Killed Eustachio
  2877 | D:4      | Reached XP level 6. HP: 33/53 MP: 5/5
  3064 | D:4      | Reached skill level 5 in Fighting
  3064 | D:4      | Reached skill level 5 in Shields
  3064 | D:4      | Reached XP level 7. HP: 38/61 MP: 6/6
  3541 | D:5      | Entered Level 5 of the Dungeon
  3610 | D:5      | Reached skill level 5 in Armour
  3715 | D:5      | Reached skill level 1 in Throwing
  3748 | D:5      | Found Puaduof's Distillery.
  3803 | D:5      | Bought a potion of haste for 110 gold pieces
  3803 | D:5      | Bought a potion of curing for 33 gold pieces
  3803 | D:5      | Bought a potion of brilliance for 44 gold pieces
  3933 | D:5      | Found a staircase to the Ecumenical Temple.
  3938 | Temple   | Entered the Ecumenical Temple
  4000 | Temple   | Became a worshipper of Warmaster Okawaru
  4584 | D:6      | Reached XP level 8. HP: 69/69 MP: 7/7
  4695 | D:6      | Reached skill level 1 in Invocations
  4750 | D:6      | Reached skill level 6 in Fighting
  4783 | D:6      | Reached * piety under Okawaru
  5034 | D:6      | Found a bloodstained altar of Trog.
  5213 | D:6      | Reached ** piety under Okawaru
  5462 | D:6      | Reached XP level 9. HP: 68/78 MP: 10/10
  5627 | D:6      | Found Onkoecs's Jewellery Shop.
  5775 | D:7      | Reached skill level 7 in Fighting
  5900 | D:7      | Found a sand-covered staircase.
  5908 | Ossuary  | Entered an ossuary
  6289 | D:7      | Reached *** piety under Okawaru
  6900 | D:8      | Noticed Erica
  6937 | D:8      | Killed Erica
  6938 | D:8      | Reached skill level 8 in Fighting
  6938 | D:8      | Reached skill level 5 in Throwing
  7005 | D:8      | Reached skill level 10 in Polearms
  7005 | D:8      | Reached XP level 10. HP: 73/88 MP: 12/12
  7011 | D:8      | Reached **** piety under Okawaru
  7078 | D:8      | Reached skill level 5 in Invocations
  7224 | D:8      | Reached skill level 1 in Dodging
  7585 | D:8      | Reached ***** piety under Okawaru
  7912 | D:9      | Reached skill level 9 in Fighting
  7916 | D:9      | Received a gift from Okawaru
  7939 | D:9      | Noticed a two-headed ogre
  7947 | D:9      | Killed a two-headed ogre
  8063 | D:9      | Reached XP level 11. HP: 93/97 MP: 14/14
  8134 | D:9      | Found a stormy altar of Qazlal.
  8264 | D:9      | Found a white marble altar of Elyvilon.
  8264 | D:9      | Found an ornate altar of the Wu Jian Council.
  8265 | D:9      | Noticed Gastronok
  8278 | D:9      | Paralysed by a hornet for 1 turns
  8456 | D:9      | Killed Gastronok
  8456 | D:9      | Received a gift from Okawaru
  8539 | D:10     | Entered Level 10 of the Dungeon
  8839 | D:10     | Found a staircase to the Lair.
  9120 | D:10     | You fall into a shaft and drop 2 floors!
  9123 | D:12     | Noticed a purple ugly thing
  9136 | D:12     | Killed a purple ugly thing
  9210 | D:12     | Received a gift from Okawaru
  9211 | D:12     | Reached skill level 10 in Fighting
  9560 | Lair:1   | Entered Level 1 of the Lair of Beasts
  9619 | Lair:1   | Reached skill level 10 in Armour
  9652 | Lair:1   | Noticed a boulder beetle
  9664 | Lair:1   | Killed a boulder beetle
  9722 | Lair:1   | Reached skill level 5 in Dodging
  9736 | Lair:1   | Received a gift from Okawaru
  9739 | Lair:1   | Reached XP level 12. HP: 63/107 MP: 8/16
  9861 | Lair:1   | You fall into a shaft and drop 1 floor!
 10004 | Lair:1   | Found a shadowy altar of Dithmenos.
 10733 | Lair:2   | Found a staircase to the Shoals.
 10825 | Lair:2   | Identified the +1 pair of gloves "Qyhapanu" {Dex+3}
                  | (Okawaru gifted it to you on level 2 of the Lair of Beasts)
 10825 | Lair:2   | Received a gift from Okawaru
 10859 | Lair:2   | Reached skill level 11 in Fighting
 11606 | Lair:3   | Identified the +5 ring mail of Ignis's Envy {*Slow Dex+8}
 11689 | Lair:3   | Found a staircase to the Snake Pit.
 12149 | Lair:3   | Reached XP level 13. HP: 101/116 MP: 18/18
 12650 | Lair:4   | Identified the +2 helmet of Supple Strength {Slay+4}
 12741 | Lair:4   | Reached skill level 10 in Shields
 12752 | Lair:4   | Received a gift from Okawaru
 12758 | Lair:4   | Reached skill level 12 in Fighting
 12808 | Lair:4   | Reached ****** piety under Okawaru
 13214 | Lair:5   | Entered Level 5 of the Lair of Beasts
 13214 | Lair:5   | Found a viscous altar of Jiyva.
 13214 | Lair:5   | Found a staircase to the Slime Pits.
 13516 | Lair:5   | Identified the +2 buckler of the Game of Life {rF+ Int+3}
                  | (Okawaru gifted it to you on level 5 of the Lair of Beasts)
 13516 | Lair:5   | Received a gift from Okawaru
 14060 | Lair:5   | Reached XP level 14. HP: 103/127 MP: 20/20
 14218 | Lair:5   | Reached skill level 10 in Throwing
 14758 | Abyss:2  | Cast into level 2 of the Abyss (a wizard)
 14836 | Abyss:2  | Reached skill level 13 in Fighting
 14890 | Abyss:2  | Noticed a tentacled starspawn
 14895 | Abyss:2  | Killed a tentacled starspawn
 14895 | Abyss:2  | Identified the +5 scale mail "Lumosa" {rPois rC- rN+ Str+2}
                  | (Okawaru gifted it to you on level 2 of the Abyss)
 14895 | Abyss:2  | Received a gift from Okawaru
 14956 | Abyss:2  | Noticed a brown very ugly thing
 14956 | Abyss:2  | Noticed a brown very ugly thing
 14956 | Abyss:2  | Noticed a brown very ugly thing
 14956 | Abyss:2  | Noticed a brown very ugly thing
 14956 | Abyss:2  | Noticed a brown very ugly thing
 14970 | Abyss:2  | Killed a brown very ugly thing
 14979 | Lair:5   | Escaped the Abyss
 14987 | Lair:5   | Found a burning altar of Makhleb.
 15486 | Lair:5   | Found a gateway to Hell.
 15897 | D:11     | Found a staircase to the Orcish Mines.
 15959 | D:11     | Reached skill level 10 in Invocations
 16373 | Orc:1    | Entered Level 1 of the Orcish Mines
 16569 | Orc:2    | Entered Level 2 of the Orcish Mines
 16816 | Orc:2    | Paralysed by an orc sorcerer for 2 turns
 16974 | Orc:2    | Found Kehomall's Antique Weapon Emporium.
 16999 | Orc:2    | Bought a faintly glowing trident for 221 gold pieces
 16999 | Orc:2    | Identified the +4 trident of Fate {heavy, rF+ Int+3} (You
                  | bought it in a shop on level 2 of the Orcish Mines)
 17007 | Orc:2    | Found Teisapn's General Store.
 17042 | Orc:2    | Bought 6 curare-tipped darts for 129 gold pieces
 17100 | Orc:2    | Noticed Maurice
 17118 | Orc:2    | Killed Maurice
 17182 | Orc:2    | Paralysed by an orc sorcerer for 2 turns
 17329 | Orc:2    | Received a gift from Okawaru
 17519 | Orc:2    | Found a staircase to the Elven Halls.
 17625 | Orc:2    | Noticed an orc warlord
 17655 | Orc:2    | Received a gift from Okawaru
 17672 | Orc:2    | Killed an orc warlord
 17890 | Orc:2    | Received a gift from Okawaru
 17891 | Orc:2    | Reached XP level 15. HP: 35/137 MP: 21/21
 18071 | Orc:2    | Found Kegom's Magic Scroll Shoppe.
 18118 | Orc:2    | Bought a scroll of identify for 24 gold pieces
 18118 | Orc:2    | Bought a scroll of revelation for 90 gold pieces
 18118 | Orc:2    | Bought a scroll of enchant armour for 90 gold pieces
 18118 | Orc:2    | Bought a scroll of enchant weapon for 90 gold pieces
 18118 | Orc:2    | Bought a scroll of enchant armour for 90 gold pieces
 18119 | Orc:2    | Bought a scroll of identify for 24 gold pieces
 18139 | Orc:2    | Found Ushroithri's Armour Boutique.
 18530 | Orc:1    | Found Uneka's Antique Weapon Emporium.
 18587 | Orc:1    | Found Woik's Overcharged Wands.
 18856 | D:12     | Reached skill level 14 in Fighting
 18867 | D:12     | Identified the +7 whip "Kiruyb" {pain, rN++}
 18961 | D:12     | Reached skill level 15 in Polearms
 19055 | D:12     | Identified the ring "Illaa" {rPois rF+ rN++ Will+ Str-5}
 20011 | D:13     | Noticed Keklamm's ghost (journeyman HOFi)
 20137 | D:13     | Found a runed translucent door.
 20339 | D:13     | Identified the +1 robe of Masochism {rN++ Slay+2}
 20457 | D:13     | Found Hifihir's Antique Weapon Boutique.
 20838 | D:13     | Killed Keklamm's ghost
 20938 | D:14     | Noticed Nessos
 20938 | D:14     | Found a gate to the Vaults.
 21096 | D:14     | Killed Nessos
 21565 | D:14     | Received a gift from Okawaru
 21701 | D:14     | Received a gift from Okawaru
 21988 | D:14     | Identified the +7 halberd "Huadenul" {pain, rC+ Int+2}
 22021 | D:14     | Noticed a frost giant
 22033 | D:14     | Killed a frost giant
 22223 | D:14     | Noticed a tengu reaver
 22232 | D:14     | Killed a tengu reaver
 22397 | D:14     | Reached XP level 16. HP: 147/147 MP: 23/23
 23192 | D:14     | Reached skill level 15 in Armour
 23209 | D:14     | Received a gift from Okawaru
 23210 | D:14     | Reached skill level 15 in Fighting
 23222 | D:14     | Identified the staff "Xouck" {rPois rC- Int+5 Poison}
 23379 | D:15     | Entered Level 15 of the Dungeon
 23595 | D:15     | Received a gift from Okawaru
 23715 | D:15     | Upgraded the game from 0.31-a0-233-g139696d to
                  | 0.31-a0-236-g9a0961f
 23759 | D:15     | Received a gift from Okawaru
 23805 | D:15     | Identified the +5 flail "Ultimatum" {heavy, rPois rF+ Will+
                  | Dex-2}
 24230 | D:15     | Found a staircase to the Depths.
 24648 | Snake:1  | Entered Level 1 of the Snake Pit
 24665 | Snake:1  | Received a gift from Okawaru
 25050 | Snake:1  | Found Nenon's Weapon Shop.
 25593 | Snake:2  | Found a stormy altar of Qazlal.
 25668 | Snake:2  | You fall into a shaft and drop 1 floor!
 25670 | Snake:3  | Identified Roxanne's Volume of Modification
 25670 | Snake:3  | Noticed Roxanne
 25732 | Snake:3  | Noticed Vashnia
 25761 | Snake:3  | Killed Vashnia
 25761 | Snake:3  | Received a gift from Okawaru
 25952 | Snake:3  | Got the Omnibus of Earth and the Arsonist
 26018 | Snake:2  | Received a gift from Okawaru
 27008 | Snake:3  | Noticed Agnes
 27027 | Snake:3  | Killed Agnes
 27028 | Snake:3  | Reached skill level 16 in Fighting
 27239 | Snake:3  | Received a gift from Okawaru
 27245 | Snake:3  | Reached XP level 17. HP: 158/158 MP: 25/25
 27794 | Snake:4  | Entered Level 4 of the Snake Pit
 27950 | Snake:4  | Received a gift from Okawaru
 28322 | Snake:4  | Received a gift from Okawaru
 28373 | Snake:4  | Noticed Kirke
 28398 | Snake:4  | Killed Kirke
 28708 | Snake:4  | Identified the +10 quarterstaff of Gazing Evisceration
                  | {vamp, rF++} (Okawaru gifted it to you on level 4 of the
                  | Snake Pit)
 28708 | Snake:4  | Received a gift from Okawaru
 28744 | Snake:4  | Reached skill level 17 in Fighting
 29188 | Snake:4  | Reached skill level 15 in Shields
 29330 | Snake:4  | Identified the +1 hat "Kazuq" {+Inv Str+4} (Okawaru gifted
                  | it to you on level 4 of the Snake Pit)
 29330 | Snake:4  | Received a gift from Okawaru
 29754 | Snake:4  | Got a serpentine rune of Zot
 30055 | Vaults:1 | Entered Level 1 of the Vaults
 30187 | Vaults:1 | Reached XP level 18. HP: 100/171 MP: 22/26
 30314 | Vaults:1 | Found Qipn's Armour Shop.
 30324 | Vaults:1 | Bought the -2 hat of the Alchemist {rElec rPois rF+ rC+ rN+
                  | Will+ rMut rCorr} for 896 gold pieces
 30324 | Vaults:1 | Found the -2 hat of the Alchemist {rElec rPois rF+ rC+ rN+
                  | Will+ rMut rCorr}
 30535 | Vaults:1 | Reached skill level 18 in Fighting
 30667 | Vaults:1 | Identified the +7 trident "Pampuocs" {flame, Str+3 Int+3}
                  | (Okawaru gifted it to you on level 1 of the Vaults)
 30667 | Vaults:1 | Received a gift from Okawaru
 31356 | Vaults:1 | Noticed Zenata
 31518 | Elf:1    | Entered Level 1 of the Elven Halls
 31525 | Elf:1    | Received a gift from Okawaru
 31645 | Elf:1    | Received a gift from Okawaru
 31841 | Elf:1    | Found Nodimeq's Magic Scroll Shop.
 31843 | Elf:1    | Found Uproyfen's Distillery.
 31845 | Elf:1    | Found Zaifousax's Distillery.
 31901 | Elf:1    | Received a gift from Okawaru
 31955 | Elf:1    | Bought a potion of curing for 48 gold pieces
 31955 | Elf:1    | Bought a potion of heal wounds for 80 gold pieces
 31968 | Elf:1    | Bought a potion of curing for 45 gold pieces
 31968 | Elf:1    | Bought a potion of heal wounds for 75 gold pieces
 31968 | Elf:1    | Bought a potion of haste for 150 gold pieces
 31972 | Elf:1    | Bought a scroll of poison for 60 gold pieces
 31972 | Elf:1    | Bought a scroll of blinking for 112 gold pieces
 31972 | Elf:1    | Bought a scroll of teleportation for 45 gold pieces
 31972 | Elf:1    | Bought a scroll of teleportation for 45 gold pieces
 32038 | Elf:1    | Noticed a Hell Sentinel
 32040 | Elf:1    | Noticed a Tzitzimitl
 32066 | Elf:1    | Found a transporter.
 32275 | Elf:1    | Received a gift from Okawaru
 32471 | Elf:1    | Received a gift from Okawaru
 32471 | Elf:1    | Found the +0 pair of fencer's gloves {Riposte Dex+3}
 32482 | Abyss:3  | Cast into level 3 of the Abyss (+1 war axe of distortion)
 32502 | Abyss:3  | Noticed a hellephant
 32555 | Elf:1    | Escaped the Abyss
 32894 | Elf:1    | Found a transporter.
 32987 | Elf:1    | Reached skill level 19 in Fighting
 33059 | Elf:1    | Identified the ring "Tuluimoe" {+Blink Fly rF+}
 33073 | Elf:1    | Identified the amulet of Nymut {Faith Will++}
 33080 | Elf:1    | Identified the +2 spear of Merru {speed, *Slow +Blink rPois
                  | rC+}
 33179 | Elf:2    | Paralysed by an air elemental for 1 turns
 33187 | Elf:2    | Paralysed by an air elemental for 1 turns
 33315 | Elf:2    | Paralysed by an air elemental for 1 turns
 33377 | Elf:2    | Reached XP level 19. HP: 182/182 MP: 28/28
 33517 | Elf:2    | Found a huge runed translucent gate.
 33517 | Elf:2    | Found a huge runed translucent gate.
 33517 | Elf:2    | Found a huge runed translucent gate.
 33519 | Elf:2    | Found a huge runed translucent gate.
 33520 | Elf:2    | Found a huge runed translucent gate.
 33892 | Elf:2    | Received a gift from Okawaru
 34246 | Elf:3    | Entered Level 3 of the Elven Halls
 34360 | Elf:3    | Identified the +7 chain mail "Zinlateb" {Will+ MP+9 Str+3}
 34998 | Elf:3    | Identified the amulet of Iclask {Faith *Slow rN++ rCorr
                  | Dex+4}
 35002 | Elf:3    | Received a gift from Okawaru
 35015 | Elf:3    | Identified the ring of Orthodoxy {rF+ rN+ Dex+6}
 35035 | Elf:3    | Identified the +7 halberd "Unicwiet" {speed, Dex+2}
 35050 | Elf:3    | Paralysed by an air elemental for 1 turns
 35054 | Elf:3    | Paralysed by an air elemental for 1 turns
 35067 | Elf:3    | Noticed a Tzitzimitl
 35086 | Elf:3    | Identified the +6 scimitar "Lousuderi" {pain, rF+ Int+5}
 35086 | Elf:3    | Identified the +1 leather armour of Good Intentions {rF-
                  | rC+ rCorr Str+5}
 35101 | Elf:3    | Identified the staff "Zodu Ryfru" {Contam rN+ Str+4 Dex+4
                  | Necro Ice}
 35134 | Elf:3    | Identified the staff "Duigh" {rF+ Dex+7 Earth}
 35174 | Elf:3    | Got the Octavo of the Sepulchral Brume
 35286 | Elf:3    | Received a gift from Okawaru
 35353 | Elf:3    | Identified the +1 ring mail of Fun and Games {Dex+2}
 35766 | Shoals:1 | Entered Level 1 of the Shoals
 35939 | Lair:3   | Received a gift from Okawaru
 36154 | Shoals:1 | Identified the -2 helmet of Fun and Games {-Tele rElec
                  | rCorr Int+6}
 36224 | Shoals:1 | Reached skill level 20 in Fighting
 37339 | Shoals:2 | Received a gift from Okawaru
 37740 | Shoals:2 | Reached XP level 20. HP: 194/194 MP: 29/29
 37907 | Shoals:2 | Received a gift from Okawaru
 38006 | Shoals:3 | Reached skill level 15 in Throwing
 38148 | Shoals:3 | Found a transporter.
 38149 | Shoals:3 | Noticed Polyphemus
 38167 | Shoals:3 | Received a gift from Okawaru
 38189 | Shoals:3 | Killed Polyphemus
 38262 | Shoals:3 | Found a transporter.
 38294 | Shoals:3 | Found a transporter.
 38298 | Shoals:3 | Found a transporter.
 38314 | Shoals:3 | Identified the +5 spear of Punishment {heavy, Int+3}
                  | (Okawaru gifted it to you on level 3 of the Shoals)
 38314 | Shoals:3 | Received a gift from Okawaru
 38372 | Shoals:3 | Noticed Louise
 38396 | Shoals:3 | Killed Louise
 38422 | Shoals:3 | Found a transporter.
 38434 | Shoals:3 | Found a transporter.
 38934 | Shoals:4 | Entered Level 4 of the Shoals
 39156 | Shoals:4 | Received a gift from Okawaru
 39211 | Shoals:4 | Got a barnacled rune of Zot
 39303 | Shoals:4 | Noticed Bai Suzhen
 39426 | Shoals:4 | Identified the +0 chain mail "Bonaska" {Will+} (Okawaru
                  | gifted it to you on level 4 of the Shoals)
 39426 | Shoals:4 | Received a gift from Okawaru
 39546 | Shoals:4 | Identified the +9 short sword of Awkwardness {heavy, rF-
                  | Will+ Int+4}
 39663 | Shoals:4 | Killed Bai Suzhen
 39664 | Shoals:4 | Reached skill level 21 in Fighting
 39984 | Shoals:2 | Upgraded the game from 0.31-a0-236-g9a0961f to
                  | 0.31-a0-237-g2d982f9
 40455 | Vaults:1 | Killed Zenata
 40860 | Vaults:2 | Found a transporter.
 40860 | Vaults:2 | Noticed Innyits's ghost (adept DjAE)
 40865 | Vaults:2 | Found a transporter.
 41599 | Vaults:2 | Reached skill level 15 in Invocations
 41657 | Vaults:2 | Identified the +1 mace "Sulaudd" {freeze, rElec Str+5}
 42075 | Vaults:3 | Found a magical portal.
 42087 | WizLab   | Entered The Chambers of the Cloud Mage
 42102 | WizLab   | Received a gift from Okawaru
 42360 | WizLab   | Reached XP level 21. HP: 140/205 MP: 31/31
 42493 | WizLab   | Paralysed by an air elemental for 1 turns
 42811 | WizLab   | Identified the ring of Zahith {Fly rF++ Str-4 Int+3}
 42815 | WizLab   | Got the Tome of the Welkin
 42816 | WizLab   | Identified the +3 quick blade of the Spinneret {drain, rF+}
 42950 | Vaults:3 | Found Bielide's Book Shop.
 43090 | Vaults:3 | Noticed Margery
 43115 | Vaults:3 | Killed Margery
 43154 | Vaults:3 | Found a staircase to the Crypt.
 43181 | Vaults:3 | Received a gift from Okawaru
 43480 | Vaults:3 | Received a gift from Okawaru
 43504 | Vaults:3 | Found a portal to a secret trove of treasure.
 44078 | Vaults:3 | Identified the +1 scimitar of the Feather {flame, Fragile
                  | rF+ Int+4 Dex+2}
 44094 | Vaults:3 | Reached skill level 22 in Fighting
 44095 | Vaults:3 | Received a gift from Okawaru
 44565 | Vaults:4 | Received a gift from Okawaru
 45003 | Vaults:4 | Identified the +5 demon trident of Unusse {drain, *Noise
                  | Int+3 Dex+4} (Okawaru gifted it to you on level 4 of the
                  | Vaults)
 45003 | Vaults:4 | Received a gift from Okawaru
 45817 | Slime:1  | Entered Level 1 of the Pits of Slime
 45886 | Slime:3  | Reached skill level 10 in Dodging
 45920 | Slime:4  | Found a viscous altar of Jiyva.
 45986 | Slime:5  | Entered Level 5 of the Pits of Slime
 46085 | Slime:5  | Received a gift from Okawaru
 46106 | Slime:5  | Reached XP level 22. HP: 172/217 MP: 32/32
 46110 | Slime:5  | Noticed the Royal Jelly
 46117 | Slime:5  | Killed the Royal Jelly
 46302 | Slime:5  | Identified the +11 shortbow "Ponaumn" {antimagic, Dex+3
                  | Stlth+}
 46310 | Slime:5  | Got a slimy rune of Zot
 46375 | Slime:5  | Identified the ring "Ocaf" {rF+ rC+ Str+3 Dex+6}
 46390 | Slime:5  | Identified the +6 plate armour "Soko" {rN+ Int+3 Dex+4
                  | Stlth+}
 46414 | Slime:5  | Identified the +5 morningstar "Afeph" {drain, *Rage rF+
                  | Dex+6}
 46415 | Slime:5  | Identified the +1 rapier of the Telling Gods {venom,
                  | *Corrode Fly rF+ Str+2}
 46457 | Slime:5  | Found the +7 great mace "Undeadhunter" {deathbane, rN+}
 46485 | Slime:5  | Identified the +11 mace "Newtbane" {vamp, rF+}
 46769 | Slime:5  | Identified the staff "Haylev" {rN+ Int+2 Necro}
 47170 | Vaults:3 | You showed the slimy rune of Zot to enter a treasure trove
 47171 | Trove    | Entered a treasure trove
 47185 | Trove    | Got Sif Muna's Handbook of Moulding and Venin
 47203 | Trove    | Got Sif Muna's Guide on the Foggy Grave
 47212 | Trove    | Got Sif Muna's Catalogue of the Energetic Wyrd
 47227 | Trove    | Identified a scroll of acquirement
 47255 | Trove    | Acquired the +15 Maxwell's patent armour {-Cast -Tele rElec
                  | Will+ rCorr}
 47255 | Trove    | Found the +15 Maxwell's patent armour {-Cast -Tele rElec
                  | Will+ rCorr}
 47469 | Depths:1 | Entered Level 1 of the Depths
 47573 | Depths:1 | Found a one-way gate leading to the halls of Pandemonium.
 47623 | Depths:1 | Found Nialelir's Elemental Accessories.
 47710 | Depths:1 | Found an ancient bone altar of Kikubaaqudgha.
 47736 | Depths:1 | Noticed Sojobo
 47757 | Depths:1 | Killed Sojobo
 47775 | Depths:1 | Reached skill level 23 in Fighting
 47887 | Depths:1 | Identified the +3 ring mail of Noughts and Crosses {rCorr}
                  | (Okawaru gifted it to you on level 1 of the Depths)
 47887 | Depths:1 | Received a gift from Okawaru
 48042 | Depths:2 | Found a one-way gateway to a ziggurat.
 48313 | Depths:2 | Identified the +1 robe of the Okapi {rElec rCorr Int-3}
 48575 | Depths:2 | Identified the +0 ring mail of Tenacity {rF+}
 48890 | Depths:2 | Found a one-way gate to the infinite horrors of the Abyss.
 49069 | Depths:2 | Identified the +3 scale mail of the Pink Corner {Will+}
 49071 | Depths:2 | Identified the +2 pair of boots of Lifelessness {Dex+2}
 49318 | Depths:3 | Noticed a golden dragon
 49323 | Depths:3 | Noticed a caustic shrike
 49331 | Depths:3 | Killed a golden dragon
 49334 | Depths:3 | Noticed a golden dragon
 49338 | Depths:3 | Killed a caustic shrike
 49352 | Depths:3 | Killed a golden dragon
 49361 | Depths:3 | Identified the +1 pair of boots "Wimufeoz" {rN++ Will++
                  | Dex-4} (Okawaru gifted it to you on level 3 of the Depths)
 49361 | Depths:3 | Received a gift from Okawaru
 49466 | Depths:3 | Identified the ring "Deysios" {Contam rCorr MP+9 Int+3
                  | SInv}
 49591 | Depths:3 | Reached XP level 23. HP: 187/228 MP: 34/34
 49836 | Depths:3 | Identified the +0 leather armour "Jotuh" {Dex+5}
 49912 | Depths:3 | Noticed a juggernaut
 49930 | Depths:3 | Killed a juggernaut
 49972 | Depths:3 | Noticed Parghit
 49977 | Depths:3 | Reached skill level 24 in Fighting
 50025 | Depths:3 | Killed Parghit
 50215 | Depths:2 | Identified the +6 quarterstaff "Henik" {vamp, rF++ rC-
                  | Str+2 Int+3}
 50375 | Depths:3 | Paralysed by a floating eye for 2 turns
 50648 | Depths:4 | Entered Level 4 of the Depths
 50653 | Depths:4 | Identified the +1 pair of boots "Buuqovus" {rPois rF+
                  | Slay-4 Stlth+} (Okawaru gifted it to you on level 4 of the
                  | Depths)
 50653 | Depths:4 | Received a gift from Okawaru
 50737 | Depths:4 | Paralysed by a floating eye for 3 turns
 50796 | Depths:4 | Found a hazy altar of Hepliaklqana.
 51370 | Depths:4 | Received a gift from Okawaru
 51380 | Depths:4 | Found a gate to the Realm of Zot.
 51749 | Crypt:1  | Entered Level 1 of the Crypt
 51803 | Crypt:1  | Noticed a royal mummy
 51804 | Crypt:1  | Noticed Khufu
 51957 | Crypt:1  | Killed a royal mummy
 51957 | Crypt:1  | Killed Khufu
 51957 | Crypt:1  | Received a gift from Okawaru
 51958 | Crypt:1  | Reached XP level 24. HP: 105/240 MP: 29/35
 52201 | Crypt:1  | Received a gift from Okawaru
 52240 | Crypt:1  | Reached skill level 25 in Fighting
 52566 | Crypt:1  | Found a shimmering blue altar of Sif Muna.
 52613 | Crypt:1  | Identified the amulet "Amymaufu" {RegenMP Int+4}
 53220 | Crypt:2  | Noticed an ancient lich
 53235 | Crypt:2  | Killed an ancient lich
 53324 | Crypt:2  | Noticed Mennas
 53348 | Crypt:2  | Killed Mennas
 53546 | Crypt:3  | Entered Level 3 of the Crypt
 53580 | Crypt:3  | Received a gift from Okawaru
 53741 | Crypt:3  | Found the +7 lajatang of Order {silver, rMut}
 53925 | Crypt:3  | Got Possaz's Anthology of Creative Open Graves
 54296 | Crypt:3  | Found a staircase to the Tomb.
 54502 | Crypt:3  | Noticed an ancient lich
 54533 | Crypt:3  | Killed an ancient lich
 54564 | Crypt:3  | Noticed a dread lich
 54581 | Crypt:3  | Killed a dread lich
 54589 | Crypt:3  | Identified the +8 flail of Proximity {protect, Str+2 Dex-5
                  | Stlth+}
 54592 | Crypt:3  | Got the Papyrus of the Geological Jaunt
 54636 | Crypt:3  | Got Cinysuti's Textbook on Baneful Graupel
 54801 | Vaults:5 | Entered Level 5 of the Vaults
 54801 | Vaults:5 | Noticed Frederick
 54834 | Vaults:5 | Identified the +0 robe of the Shore {-Tele rC+ Dex+2}
 54863 | Vaults:5 | Identified the scarf of Homay {harm, rF- Dex+4 Stlth+}
                  | (Okawaru gifted it to you on level 5 of the Vaults)
 54863 | Vaults:5 | Received a gift from Okawaru
 54925 | Vaults:5 | Reached XP level 25. HP: 253/253 MP: 33/35
 54945 | Vaults:5 | Noticed a dread lich
 54964 | Vaults:5 | Killed a dread lich
 54965 | Vaults:5 | Reached skill level 26 in Fighting
 54979 | Vaults:5 | Killed Frederick
 55022 | Vaults:5 | Identified the +12 trident "Datutaeg" {freeze, rC+ Stlth+}
 55064 | Vaults:5 | Noticed a dread lich
 55142 | Vaults:5 | Killed a dread lich
 55512 | Vaults:5 | Received a gift from Okawaru
 55677 | Vaults:5 | Found Goplaode's Jewellery Shoppe.
 56236 | Vaults:5 | Got a silver rune of Zot
 56543 | Zot:1    | Entered Level 1 of the Realm of Zot
 56569 | Zot:1    | Noticed an orb of fire
 56718 | Zot:1    | Identified the +0 robe "Tyabit" {rElec Int+3}
 56821 | Zot:1    | Received a gift from Okawaru
 56821 | Zot:1    | Found the +18 Lear's hauberk
 56856 | Zot:1    | Killed an orb of fire
 56986 | Zot:1    | Acquired a +2 demon trident of electrocution
 57348 | Arena    | Entered the Arena
 57518 | Zot:2    | Reached skill level 27 in Fighting
 57582 | Zot:2    | Reached XP level 26. HP: 266/266 MP: 31/36
 57786 | Zot:2    | Found a runed translucent gate.
 57786 | Zot:2    | Found a runed translucent gate.
 57786 | Zot:2    | Found a runed translucent gate.
 57816 | Zot:2    | Identified the +0 hat of Okawaru's Inspiration {rF+ rC+ rN+
                  | Will+} (Okawaru gifted it to you on level 2 of the Realm of
                  | Zot)
 57816 | Zot:2    | Received a gift from Okawaru
 58086 | Zot:2    | Noticed Tuteene's ghost (master MiFi)
 58087 | Zot:2    | Found an opulent altar of Gozag.
 58092 | Zot:2    | Found Boefeb's Assorted Antiques.
 58150 | Zot:2    | Killed Tuteene's ghost
 58531 | Zot:3    | Identified the +0 leather armour "Wuehaph" {Rampage Regen+}
 59083 | Zot:3    | Noticed a dread lich
 59091 | Zot:3    | Killed a dread lich
 59431 | Zot:3    | Noticed an orb of fire
 59444 | Zot:3    | Killed an orb of fire
 59590 | Zot:4    | Received a gift from Okawaru
 59661 | Zot:4    | Identified the +0 robe of the Dungeon {Harm}
 59736 | Zot:4    | Received a gift from Okawaru
 60141 | Zot:5    | Entered Level 5 of the Realm of Zot
 60153 | Zot:5    | Identified the +7 trident "Impbane" {freeze, *Slow rC+
                  | Will+} (Okawaru gifted it to you on level 5 of the Realm of
                  | Zot)
 60153 | Zot:5    | Received a gift from Okawaru
 60559 | Zot:5    | Noticed an orb of fire
 60565 | Zot:5    | Noticed an ancient lich
 60566 | Zot:5    | Noticed an orb of fire
 60566 | Zot:5    | Killed an orb of fire
 60571 | Zot:5    | Noticed an orb of fire
 60573 | Zot:5    | Killed an ancient lich
 60575 | Zot:5    | Killed an orb of fire
 60575 | Zot:5    | Noticed an orb of fire
 60576 | Zot:5    | Reached XP level 27. HP: 273/273 MP: 36/36
 60577 | Zot:5    | Killed an orb of fire
 60579 | Zot:5    | Killed an orb of fire
 60579 | Zot:5    | Noticed an ancient lich
 60583 | Zot:5    | Noticed an ancient lich
 60585 | Zot:5    | Killed an ancient lich
 60588 | Zot:5    | Noticed an ancient lich
 60591 | Zot:5    | Received a gift from Okawaru
 60591 | Zot:5    | Killed an ancient lich
 60966 | Zot:5    | Killed an ancient lich
 61506 | Zot:5    | Received a gift from Okawaru
 61564 | Zot:5    | Got the Orb of Zot
 61660 | Zot:3    | Noticed Imeaq the pandemonium lord
 61681 | Zot:3    | Killed Imeaq the pandemonium lord
 62029 | D:5      | Noticed Nely the pandemonium lord
 62039 | D:5      | Killed Nely the pandemonium lord
 62104 | D:1      | Noticed Qykliamp the pandemonium lord
 62111 | D:1      | Killed Qykliamp the pandemonium lord
 62127 | D:$      | Escaped with the Orb!

Illustrated notes

Levels and vault maps discovered:
D:1:      mushboom_english_gardens, layout_basic,
          shapermc_ecumenical_altar_venn, minmay_misc_feat_rugged,
          minmay_door_square, nicolae_hexahallways
D:2:      layout_basic, minmay_tree_intersection, uniq_robin
D:3:      layout_loops_ring, minmay_crystal_room
D:4:      layout_cave_pods, fountainhead, minivault_11,
          nicolae_kite_square_tiling_tiny, kennysheep_generic_room_5,
          uniq_eustachio
D:5:      layout_basic, minmay_temple_entry_drinking_statues, serial_shops,
          nicolae_shop_window_shopping
D:6:      layout_gridville, overflow_temple_1_default,
          minmay_shop_enchanted_jewellery, corexii_checkpoint_b,
          nicolae_grassy_gnolls
D:7:      layout_loops_ring, chequers_ossuary_entry_cave, lemuel_flame_loot_1
D:8:      layout_basic, uniq_erica
D:9:      layout_basic, mainiacjoe_overflow_six_doors_small,
          jmf_multi_god_temple, uniq_gastronok
D:10:     layout_basic, lair_entry_dummy
D:11:     layout_cave_pods, orc_david_3
D:12:     layout_long_grid, small_statue_intersection
D:13:     layout_loops_corners, hellmonk_ghost_big_iron, serial_shops,
          kennysheep_mini
D:14:     minmay_the_grid_3x3 [minmay_the_grid_mess, minmay_the_grid_tiny_cups,
          minmay_the_grid_empty, minmay_the_grid_square_x,
          minmay_the_grid_all_tris, minmay_the_grid_medium_cups,
          minmay_the_grid_stretched_grid, minmay_the_grid_slots,
          minmay_the_grid_prize_diamond_cup], layout_basic, david_vaults_3,
          minmay_misc_feat_nine_boxes, pond
D:15:     grunt_enter_depths_snipers, layout_basic
Temple:   compressed_dpeg_circular_temple
Lair:1:   layout_regular_city, basic_altar, lemuel_fruit_fields
Lair:2:   layout_loops_ring, elwin_shoals_entry_rooms,
          chequers_serial_rivers_marsh
Lair:3:   layout_loops_ring, minmay_snake_entry_guardpost_small,
          serial_bayou_lagoon_a, dpeg_oklob_1, serial_bayou_shore_a
Lair:4:   layout_misc_corridors, beast_lair_carwin_9
Lair:5:   evil_forest, layout_layer_cave, slime_entry_1,
          amcnicky_mini_pool_medium
Shoals:1: layout_shoals, nicolae_shoals_land_atoll, nicolae_shoals_wave_tunnel
Shoals:2: layout_shoals, nicolae_splish_splash
Shoals:3: layout_shoals, serial_nicolae_subway, nicolae_sub_station_stone,
          nicolae_sub_station_metal, nicolae_sub_station_crystal,
          uniq_polyphemus, uniq_louise
Shoals:4: shoals_end_hellmonk_lost_city, serial_shops, uniq_bai_suzhen
Snake:1:  layout_cave_shapes, serial_shops, shop, grunt_megastairs_3
Snake:2:  layout_cave_shapes, basic_altar, serial_bayou_pond_a
Snake:3:  layout_concentric_octagons, drop_trap, uniq_agnes, uniq_roxanne,
          uniq_vashnia
Snake:4:  grunt_snake_rune_spirals, layout_onion, lemuel_fruit_tree, uniq_kirke
Slime:1:  layout_caves
Slime:2:  layout_caves
Slime:3:  layout_caves
Slime:4:  layout_caves, basic_altar
Slime:5:  slime_pit_nicolae_inversion
Orc:1:    layout_caves, serial_shops, nicolae_shop_hallway_plus,
          nicolae_shop_overcharged_wands
Orc:2:    pubby_orc_utopia, uniq_maurice
Elf:1:    gammafunk_its_a_trap, layout_loops_corners, hangedman_elf_represent,
          minmay_shop_star
Elf:2:    elven_hall_of_blades_hangedman_alternative [grunt_blade_entry_basic],
          layout_geoelf_octagon
Elf:3:    grunt_elf_hall_spiral, layout_geoelf_diagonals
Vaults:1: hangedman_vaults_corner, nicolae_vaults_circle_grid_a,
          grunt_vaults_funnel, vaults_mumra_hex, nicolae_vaults_big_ls,
          grunt_vaults_bifocal, ontoclasm_vaults_fire_temple,
          dpeg_vaults_monster_row, nicolae_vaults_closet_pinwheel_5,
          nicolae_vaults_house_3, ontoclasm_vaults_misaligned,
          layout_vaults_maze, serial_shops, shop, uniq_zenata
Vaults:2: gammafunk_ghost_arena, hangedman_vaults_hat, vaults_room_ringed_pool,
          v_misc_23, v_misc_25, hangedman_vaults_stagger,
          nicolae_vaults_double_plus_1, hangedman_vaults_trim,
          vaults_room_hallway, vaults_dpeg_encased_lava,
          layout_vaults_chaotic_city
Vaults:3: mu_enter_wizlab_1, vaults_room_mumra_shop_pool, v_pattern_4,
          nicolae_vaults_apartment_1, minmay_crypt_entry_simple_statues,
          vaults_standard_mumra_enter_the_diamond,
          nicolae_vaults_door_testing_chamber, nicolae_vaults_little_squares_3,
          vaults_room_octagon, nicolae_vaults_layer_cake_slice, v_misc_33,
          hangedman_vaults_cutoff, layout_vaults_omnicross,
          nicolae_trove_entry_path_of_doom, uniq_margery
Vaults:4: nicolae_vaults_six-pack, grunt_vaults_trifunnel,
          hangedman_vaults_slice, nicolae_vaults_network_star,
          nicolae_vaults_six-pack, v_pattern_2, layout_vaults_omnigrid
Vaults:5: uniq_frederick
Crypt:1:  layout_gridlike, hangedman_summoners_spam, uniq_khufu
Crypt:2:  layout_misc_corridors, serial_glass, glass_columns_c, glass_columns_c,
          beargit_elvish_explorers, uniq_mennas
Crypt:3:  david_glass_crypt, layout_chaotic_city, tomb_entry_shell_bobbens
Depths:1: layout_cave_shapes, rand_demon_pan_entry_4, hell_entry, moated_statue,
          nicolae_elemental_shop, hangedman_abyss_or_decor_slice,
          kiku_gazebo_pond_becter, uniq_sojobo
Depths:2: grunt_double_whammy, layout_basic, enter_ziggurat_e,
          hangedman_coc_ice_floe, abyss_entry, rand_demon_pan_entry_3,
          hangedman_decor_peaks_small, firewood_loft
Depths:3: minmay_four_inscribed_fans, layout_small_grid, hell_entry, pan_entry,
          nicolae_abyss_entry_one_way_or_another, uniq_parghit
Depths:4: grunt_zot_entry_gee_three, layout_long_grid, lemuel_doored_altar,
          hell_entry, special_room [special_room_jelly]
Zot:1:    layout_onion_interference, skrybe_zot_glass_1
Zot:2:    layout_onion, ebering_ghost_gozag
Zot:3:    layout_concentric_octagons, st_stairs_2, grunt_ministairs_1,
          hangedman_player_shredder
Zot:4:    layout_concentric_octagons
Zot:5:    layout_gridlike

Skill      XL: |  1  2  3  4  5  6  7  8  9 10 11 12 13 14 15 16 17 18 19 20 21 22 23 24 25 26 27 |
---------------+----------------------------------------------------------------------------------+-----
Polearms       | 3 4 5 6 7 8 10 11 12 13 14 15 16 17 18 19 20 21 22 23 24 | 24.5
Fighting       | 4 5 6 8 9 10 11 12 13 14 16 17 19 20 21 22 23 24 25 27 | 27.0
Armour         | 4 5 6 8 9 10 11 12 13 14 15 16 17 18 19 20 21 22 23 25 26 | 26.7
Shields        | 4 5 6 8 9 10 12 13 14 15 16 17 18 19 20 21 22 | 22.8
Throwing       | 2 3 5 6 7 8 9 10 11 12 13 14 15 16 17 18 19 20 | 20.2
Invocations    | 3 4 5 7 8 9 10 11 12 13 14 15 16 18 19 20 21 | 21.4
Dodging        | 3 5 7 8 10 11 12 | 12.0

Action                     |  1- 3 |  4- 6 |  7- 9 | 10-12 | 13-15 | 16-18 | 19-21 | 22-24 | 25-27 || total
---------------------------+-------+-------+-------+-------+-------+-------+-------+-------+-------++-------
  Melee: Trident           |   106 |   132 |   305 |   283 |       |       |       |       |       ||   826
         Headbutt          |    12 |    13 |    42 |   124 |   399 |   431 |   584 |   645 |   602 ||  2852
         Demon trident     |       |       |       |   365 |  1852 |  1873 |  1996 |  1733 |  1491 ||  9310
  Throw: Dart              |     2 |    16 |    22 |    41 |    10 |       |       |       |       ||    91
         Boomerang         |       |       |       |       |     1 |   239 |   121 |    30 |    27 ||   418
         Javelin           |       |       |       |       |       |     7 |     3 |    35 |    74 ||   119
 Invoke: Heroism           |       |       |       |     2 |     6 |     6 |     1 |       |       ||    15
         Finesse           |       |       |       |     1 |     1 |     4 |     5 |     5 |     4 ||    20
         Duel              |       |       |       |       |       |       |       |       |     1 ||     1
Ability: Evoke Blink       |       |       |       |       |       |       |     2 |       |       ||     2
  Evoke: Wand              |       |       |       |     5 |     1 |     1 |       |     2 |       ||     9
         Condenser vane    |       |       |       |       |       |     3 |     2 |     2 |     1 ||     8
         Lightning rod     |       |       |       |       |       |     7 |       |       |       ||     7
         Phial of floods   |       |       |       |       |       |     1 |     1 |     1 |       ||     3
    Use: Scroll            |     1 |       |    12 |     9 |     7 |     6 |    14 |    21 |    13 ||    83
         Potion            |       |       |     1 |       |     3 |       |     2 |     1 |     3 ||    10
   Stab: Confused          |       |       |       |       |     1 |       |     3 |       |     2 ||     6
         Distracted        |       |       |       |       |     1 |       |       |     1 |       ||     2
         Petrifying        |       |       |       |       |       |       |     1 |       |       ||     1
 Armour: Scale mail        |     2 |       |       |       |       |       |       |       |       ||     2
         Plate armour      |    52 |    71 |    99 |   240 |   536 |   541 |    23 |   164 |       ||  1726
         Chain mail        |       |       |       |       |       |       |   551 |     3 |       ||   554
         Gold dragon scale |       |       |       |       |       |       |       |   373 |   475 ||   848
  Dodge: Dodged            |    26 |    37 |    55 |   116 |   260 |   238 |   331 |   262 |   242 ||  1567
  Block: Buckler           |    20 |    23 |    39 |     1 |       |       |       |       |       ||    83
         Kite shield       |       |       |       |   189 |    69 |       |       |       |       ||   258
         Tower shield      |       |       |       |       |   902 |  1128 |  1089 |  1197 |  1140 ||  5456
         Reflection        |       |       |       |       |       |    91 |   144 |    20 |    43 ||   298
Riposte: Demon trident     |       |       |       |       |       |    24 |   351 |   443 |   419 ||  1237

Table legend: (Time is in decaauts)
 A = Elapsed time spent in this place.
 B = Non-inter-level travel time spent in this place.
 C = Inter-level travel time spent in this place.
 D = Time resting spent in this place.
 E = Time spent auto-exploring this place.
 F = Levels seen in this place.
 G = Mean time per level.
                   A        B        C        D        E       F      G
               +--------+--------+--------+--------+--------+-----+--------+
         Total |  59114 |  52057 |   7057 |   1335 |  37299 |  62 |  953.5 |
       Dungeon |  15875 |  13961 |   1914 |     43 |  11221 |  15 | 1058.3 |
        Temple |     76 |     62 |     14 |      0 |     39 |   1 |   76.0 |
          Lair |   6551 |   5574 |    977 |    104 |   4225 |   5 | 1310.2 |
        Shoals |   3766 |   3492 |    274 |    101 |   2621 |   4 |  941.5 |
     Snake Pit |   4982 |   4708 |    274 |     11 |   3579 |   4 | 1245.5 |
    Slime Pits |    944 |    685 |    259 |     31 |    332 |   5 |  188.8 |
  Orcish Mines |   2766 |   2328 |    438 |    154 |   1420 |   2 | 1383.0 |
   Elven Halls |   3716 |   3330 |    386 |    233 |   2158 |   3 | 1238.7 |
        Vaults |   7490 |   6561 |    929 |    143 |   4713 |   5 | 1498.0 |
         Crypt |   2830 |   2670 |    160 |      4 |   1794 |   3 |  943.3 |
        Depths |   4112 |   3630 |    482 |    133 |   2349 |   4 | 1028.0 |
           Zot |   4589 |   3643 |    946 |    294 |   2205 |   5 |  917.8 |
         Abyss |    269 |    269 |      0 |     30 |     70 |   2 |  134.5 |
         Trove |    108 |    108 |      0 |      0 |     58 |   1 |  108.0 |
       Ossuary |    217 |    217 |      0 |      0 |    148 |   1 |  217.0 |
        Wizlab |    794 |    794 |      0 |     33 |    363 |   1 |  794.0 |
         Arena |     23 |     23 |      0 |     19 |      0 |   1 |   23.0 |
               +--------+--------+--------+--------+--------+-----+--------+

Top non-repeatable levels by time:
   Orc:2: 2269 daAuts
  Lair:5: 2060 daAuts
    D:14: 2016 daAuts
 Snake:4: 1891 daAuts
Vaults:3: 1855 daAuts
Vaults:1: 1757 daAuts
 Snake:3: 1497 daAuts
  Lair:2: 1427 daAuts
   Elf:1: 1397 daAuts
Vaults:2: 1354 daAuts
     D:4: 1311 daAuts
   Zot:3: 1307 daAuts
Depths:3: 1298 daAuts
Vaults:5: 1274 daAuts
Vaults:4: 1248 daAuts
